 Dungeon Crawl Stone Soup version 0.31.0-12-g77e489cdc1 (webtiles) character file.

Game seed: 9426342203916680815

1036 H0rd4k the Insei (level 8, -1/54 HPs)
             Began as an Octopode Artificer on Mar 5, 2024.
             Slain by a gnoll
             ... wielding a +0 halberd of freezing
             ... led by a gnoll sergeant
              (8 damage)
             ... on level 5 of the Dungeon.
             The game lasted 00:04:14 (3266 turns).

H0rd4k the Insei (Octopode Artificer)               Turns: 3266, Time: 00:04:14

Health: -1/54      AC:  1    Str: 11    XL:     8   Next: 24%
Magic:  8/8        EV: 14    Int: 16    God:
Gold:   283        SH:  0    Dex: 24    Spells: 7/7 levels left

rFire   . . .        t - +2 rapier (protect)
rCold   . . .        (no shield)
rNeg    . . .        (helmet restricted)
rPois   .            i - amulet of the acrobat
rElec   .            g - +6 ring of dexterity
rCorr   .            a - +6 ring of dexterity
SInv    .            (no ring)
Will    .....        (no ring)
Stlth   +++          (no ring)
HPRegen 0.29/turn    (no ring)
MPRegen 0.11/turn    (no ring)
                     (no ring)

%: acrobat
@: no status effects
A: almost no armour, amphibious, 8 rings, camouflage 1, gelatinous body 1,
(nimble swimmer 1), tentacles
a: no special abilities


You were on level 5 of the Dungeon.
You visited 1 branch of the dungeon, and saw 5 of its levels.

You collected 283 gold pieces.

Inventory:

Hand Weapons
 t - a +2 rapier of protection (weapon)
Missiles
 E - 6 poisoned darts
Jewellery
 a - a +6 ring of dexterity (right tentacle)
 g - a +6 ring of dexterity (left tentacle)
 i - an amulet of the acrobat (around mantle)
 B - a ring of flight
 D - an amulet of magic regeneration
Talismans
 n - a maw talisman
Wands
 b - a wand of flame (44) (quivered)
 c - a wand of charming (8)
 d - a wand of iceblast (2)
Scrolls
 e - 4 scrolls of identify {unknown}
 f - 4 scrolls of blinking {unknown}
 m - a scroll of poison {unknown}
 q - 2 scrolls of noise {unknown}
 r - a scroll of teleportation {unknown}
 s - a scroll of butterflies {unknown}
 w - a scroll of fear {unknown}
 y - 2 scrolls of silence {unknown}
 z - a scroll of revelation {unknown}
 C - a scroll of vulnerability {unknown}
Potions
 h - a potion of magic {unknown}
 j - a potion of haste {unknown}
 k - a potion of brilliance {unknown}
 l - 2 potions of mutation {unknown}
 o - 2 potions of degeneration {unknown}
 p - a potion of enlightenment {unknown}
 u - a potion of lignification {unknown}
 v - 2 potions of heal wounds {unknown}
 x - a potion of attraction {unknown}
 A - a potion of cancellation {unknown}


   Skills:
 + Level 4.1 Fighting
 + Level 4.2 Short Blades
 - Level 2.3 Dodging
 - Level 1.3 Stealth
 + Level 7.0 Unarmed Combat
 - Level 3.2 Evocations


You had 7 spell levels left.
You didn't know any spells.
Your spell library contained the following spells:

 Spells                   Type           Power      Damage    Failure   Level
 Dazzling Flash           Conj/Hex       0%         N/A       58%         3
 Inner Flame              Hex/Fire       0%         N/A       58%         3
 Volatile Blastmotes      Fire/Tloc      0%         2d10      58%         3
 Irradiate                Conj/Alch      0%         3d11      100%        5
 Starburst                Conj/Fire      0%         6d3       100%        6
 Ignition                 Fire           0%         3d3       100%        8
 Maxwell's Capacitive Co  Air            0%         ∞         100%        8


Dungeon Overview and Level Annotations

Branches:
Dungeon (5/15)
 Temple: D:4-7

Altars:

Annotations:
D:3 3 runed translucent doors, exclusion: 3 doors, CapUranus's ghost, amateur HOFi; TheSeeker391's ghost, novice HOFi; nitefall's ghost, amateur MiBe


Innate Abilities, Weirdness & Mutations

You cannot wear most types of armour.
You are amphibious.
You can wear up to eight rings at the same time.
Your skin changes colour to match your surroundings (Stealth+).
Your rubbery body absorbs attacks. (AC +1, EV +1)
((You are camouflaged when in or above water. (Stealth+)))
You have tentacles for arms and can constrict up to eight enemies at once.


Message History

The gnoll hits you but does no damage.
The gnoll sergeant hits you with a +0 trident!
You are too injured to fight recklessly!
You are too injured to fight recklessly!
You are too injured to fight recklessly!
You are too injured to fight recklessly!
You hit the gnoll sergeant but do no damage.
You squeeze the gnoll sergeant.
The gnoll sergeant is almost dead.
You constrict the gnoll sergeant, but do no damage.
The gnoll barely misses you. The gnoll sergeant closely misses you.
You hit the gnoll sergeant but do no damage.
You tentacle-slap the gnoll sergeant, but do no damage.
The gnoll sergeant is almost dead.
You constrict the gnoll sergeant.
You kill the gnoll sergeant!
The gnoll barely misses you.
Your Unarmed Combat skill increases to level 7!
Aiming: Charm
Press: ? - help, Shift-Dir - straight line, f - gnoll
Aim: a gnoll, wielding a +0 whip (chance to affect: 66%)
The gnoll struggles to resist.
You hear a shout!
The gnoll misses you.
The gnoll hits you from afar with a +0 halberd of freezing.
The gnoll freezes you.
A gnoll comes into view. It is wielding a +0 flail.
Aiming: Charm
Press: ? - help, Shift-Dir - straight line, f/p - gnoll
Aim: a gnoll, wielding a +0 whip (chance to affect: 66%)
The gnoll struggles to resist.
The gnoll barely misses you. x2
Unknown command.
Aiming: Charm
Press: ? - help, Shift-Dir - straight line, f/p - gnoll
Aim: a gnoll, wielding a +0 whip (chance to affect: 66%)
The gnoll is charmed.
The gnoll hits you from afar with a +0 halberd of freezing!
* * * LOW HITPOINT WARNING * * *
The gnoll freezes you!
You die...

####..##...).....##...#######
####..##.........##.#.......#
...........>.....#........#.#
##....##.........#........#
##.##.###.#.######..####..#
........#.#.# #...#..#P.#
.##.#.#.#.#.# #...#!K#..#
.##.#...#.#.#####...##+# .#
.##.#####.#.#ggg@).........
..........#.#.####........
.......####.# #########
............# ........###.#
........# #.# #######.# #.#
#.# #.# #######.###.#


You could see 2 gnolls and a friendly gnoll (charmed).

Vanquished Creatures
  Pikel (D:5)
  A gnoll sergeant (D:5)
  A scorpion (D:4)
  A bombardier beetle (D:5)
  2 hounds (D:5)
  2 jellies
  Ijyb (D:3)
  Natasha (thrice) (D:3)
  3 iguanas
  An orc wizard (D:5)
  3 gnolls
  4 adders
  A white imp (D:5)
  2 ufetubi (D:5)
  A dart slug (D:4)
  2 ribbon worms
  9 orcs
  11 endoplasms
  4 giant cockroaches
  7 hobgoblins
  2 quokkas
  9 ball pythons
  7 bats
  3 frilled lizards
  12 goblins
  2 kobolds
  2 rats (D:1)
97 creatures vanquished.

Vanquished Creatures (collateral kills)
  An ogre (D:5)
  A bombardier beetle (D:3)
  Robin (D:3)
  A giant cockroach (D:3)
  4 goblins (D:3)
8 creatures vanquished.

Grand Total: 105 creatures vanquished

Notes
Turn   | Place    | Note
-------+----------+-------------------------------------------
     0 | D:1      | H0rd4k the Octopode Artificer began the quest for the Orb.
     0 | D:1      | Reached XP level 1. HP: 13/13 MP: 1/1
    89 | D:1      | Reached skill level 1 in Unarmed Combat
    89 | D:1      | Reached XP level 2. HP: 18/18 MP: 2/2
   422 | D:1      | Reached XP level 3. HP: 24/24 MP: 3/3
   475 | D:1      | Reached skill level 2 in Unarmed Combat
  1235 | D:2      | Reached XP level 4. HP: 19/29 MP: 4/4
  1331 | D:2      | Found a faded altar of an unknown god.
  1501 | D:3      | Noticed Ijyb
  1508 | D:3      | Reached skill level 3 in Unarmed Combat
  1524 | D:3      | Killed Robin
  1529 | D:3      | Reached XP level 5. HP: 16/35 MP: 5/5
  1534 | D:3      | Reached skill level 4 in Unarmed Combat
  1767 | D:3      | Killed Ijyb
  1813 | D:3      | Noticed Natasha
  1823 | D:3      | Killed Natasha
  1908 | D:3      | Found a runed translucent gate.
  1909 | D:3      | Found a runed translucent gate.
  1910 | D:3      | Found a runed translucent gate.
  1914 | D:3      | Noticed nitefall's ghost (amateur MiBe)
  1914 | D:3      | Noticed TheSeeker391's ghost (novice HOFi)
  1916 | D:3      | Noticed CapUranus's ghost (amateur HOFi)
  1985 | D:4      | Reached skill level 5 in Unarmed Combat
  1985 | D:4      | Reached XP level 6. HP: 33/41 MP: 6/6
  2079 | D:3      | Noticed Natasha
  2090 | D:3      | Killed Natasha
  2091 | D:3      | Reached skill level 1 in Short Blades
  2216 | D:3      | Noticed Natasha
  2223 | D:3      | Killed Natasha
  2527 | D:5      | Entered Level 5 of the Dungeon
  2650 | D:5      | Reached XP level 7. HP: 40/46 MP: 7/7
  2898 | D:5      | Reached skill level 6 in Unarmed Combat
  2989 | D:5      | Noticed Pikel
  3006 | D:5      | Killed Pikel
  3007 | D:5      | Reached XP level 8. HP: 44/54 MP: 8/8
  3263 | D:5      | Reached skill level 7 in Unarmed Combat
  3266 | D:5      | Slain by a gnoll

Illustrated notes

Levels and vault maps discovered:
D:1:      ncdulo_smallfort, layout_loops_ring
D:2:      layout_basic, hellmonk_ecumenical_altar_prayer_group
D:3:      layout_rooms, gammafunk_ghost_cemetery, uniq_robin, uniq_natasha,
          uniq_ijyb
D:4:      layout_rooms
D:5:      layout_basic, chequers_serial_rivers_large_b, corexii_shack,
          uniq_pikel

Skill      XL: |  1  2  3  4  5  6  7  8 |
---------------+-------------------------+-----
Unarmed Combat | 1 2 3 5 6 7 |  7.0
Fighting       | 2 3 4 |  4.1
Short Blades   | 1 3 4 |  4.2
Dodging        | |  2.3
Stealth        | |  1.3
Evocations     | |  3.2

Action                     |  1- 3 |  4- 6 |  7- 9 || total
---------------------------+-------+-------+-------++-------
  Melee: Unarmed           |    82 |    22 |       ||   104
         Tentacles         |    20 |    19 |     8 ||    47
         Constrict         |    17 |    25 |    10 ||    52
         Punch             |     1 |     1 |     4 ||     6
         Rapier            |       |    63 |    33 ||    96
  Evoke: Wand              |       |    14 |     7 ||    21
   Stab: Sleeping          |     7 |     4 |     4 ||    15
         Distracted        |       |     1 |       ||     1
         Betrayed ally     |       |       |     1 ||     1
 Armour: Skin              |    30 |    38 |    21 ||    89
  Dodge: Dodged            |    44 |    74 |    33 ||   151
